 Dungeon Crawl Stone Soup version 0.20.0-7-g3b7b877 (webtiles) character file.

10395 skittles the Arsonist (level 11, -1/97 HPs)
             Began as a Red Draconian Fire Elementalist on May 29, 2017.
             Was a Believer of Vehumet.
             Slain by Snorg (4 damage)
             ... on level 11 of the Dungeon.
             The game lasted 00:46:02 (12472 turns).

skittles the Arsonist (DrFE)                       Turns: 12472, Time: 00:46:04

Health: -1/97      AC: 11    Str:  8    XL:     11   Next: 35%
Magic:  17/26      EV: 14    Int: 19    God:    Vehumet [**....]
Gold:   685        SH:  0    Dex:  9    Spells: 2/18 levels left

rFire    + + .     SeeInvis +   a - +3 hand axe of Defiance {speed, rPois rF+ rN++ Str-3 SInv}
rCold    . . .     Gourm    .   (no shield)
rNeg     + + .     Faith    .   (armour unavailable)
rPois    +         Spirit   .   (helmet restricted)
rElec    .         Reflect  .   w - +0 cloak
rCorr    +         Harm     .   l - +0 pair of gloves
MR       +....                  G - +1 pair of boots of the Forsaken Emperors {MR+ Dex-2 SInv}
Stlth    ++........             (no amulet)
Regen    0.3/turn               i - ring of magical power
MPRegen  0.2/turn               S - ring of resist corrosion

@: about to teleport
A: breathe fire, unfitting armour, hooves 1, fire resistance 1, wild magic 1,
cold-blooded, AC +7
a: Breathe Fire, Renounce Religion


You were on level 11 of the Dungeon.
You worshipped Vehumet.
Vehumet was pleased with you.
You were hungry.

You visited 2 branches of the dungeon, and saw 12 of its levels.
You also visited: Ossuary.

You collected 685 gold pieces.

Inventory:

Hand Weapons
 a - the +3 hand axe of Defiance (weapon) {speed, rPois rF+ rN++ Str-3 SInv}
   (You found it on level 5 of the Dungeon)

   Attacks with this weapon are significantly faster.
   It affects your strength (-3).
   It protects you from fire.
   It protects you from poison.
   It greatly protects you from negative energy.
   It lets you see invisible.
 z - a +0 trident of venom
 K - a +2 whip of electrocution
Missiles
 n - 6 silver javelins (quivered)
Armour
 l - a +0 pair of gloves (worn)
 w - a +0 cloak (worn)
 G - the +1 pair of boots of the Forsaken Emperors (worn) {MR+ Dex-2 SInv}
   (You found it on level 5 of the Dungeon)

   It affects your dexterity (-2).
   It affects your resistance to hostile enchantments.
   It lets you see invisible.
Magical Staves
 b - an uncursed staff of energy
 O - an uncursed staff of conjuration
Jewellery
 h - a +1 ring of protection
 i - a ring of magical power (left hand)
 v - a +4 ring of strength
 S - a ring of resist corrosion (right hand)
Wands
 L - a wand of polymorph (6/24)
 M - a wand of digging (7/24)
 R - a wand of iceblast (6/15)
 V - a wand of scattershot (5/9)
Scrolls
 d - a scroll of enchant armour {unknown}
 e - 2 scrolls of immolation {unknown}
 g - 2 scrolls of recharging {unknown}
 j - 2 scrolls of enchant weapon {unknown}
 r - 2 scrolls of fog {unknown}
 s - 3 scrolls of remove curse
 u - 3 scrolls of random uselessness {unknown}
 y - 2 scrolls of fear {unknown}
 B - 4 scrolls of amnesia
 F - 3 scrolls of teleportation
 P - 2 scrolls of blinking
 W - 2 scrolls of magic mapping
 Y - a scroll of vulnerability
Potions
 c - 2 potions of agility
 f - 2 potions of cancellation
 k - 4 potions of heal wounds
 p - 2 potions of might
 q - 4 potions of flight
 x - a potion of brilliance
 A - 2 potions of lignification
 C - a potion of haste
 E - 2 potions of magic
 H - a potion of berserk rage
 J - 2 potions of curing
 T - a potion of resistance
Books
 t - a book of Maledictions

   Spells                             Type                      Level
   a - Corona                         Hexes                        1
   b - Ensorcelled Hibernation        Hexes/Ice                    2
   c - Confuse                        Hexes                        3
   d - Tukima's Dance                 Hexes                        3
   e - Dazzling Spray                 Conjuration/Hexes            3
 D - a book of Cantrips

   Spells                             Type                      Level
   a - Confusing Touch                Hexes                        1
   b - Animate Skeleton               Necromancy                   1
   c - Summon Small Mammal            Summoning                    1
   d - Apportation                    Translocation                1
 I - a book of Flames

   Spells                             Type                      Level
   a - Flame Tongue                   Conjuration/Fire             1
   b - Throw Flame                    Conjuration/Fire             2
   c - Conjure Flame                  Conjuration/Fire             3
   d - Inner Flame                    Hexes/Fire                   3
   e - Sticky Flame                   Conjuration/Fire             4
   f - Fireball                       Conjuration/Fire             5
 X - a book of Beasts

   Spells                             Type                      Level
   a - Summon Butterflies             Summoning                    1
   b - Call Canine Familiar           Summoning                    3
   c - Summon Ice Beast               Ice/Summoning                4
   d - Summon Mana Viper              Hexes/Summoning              5
   e - Summon Hydra                   Summoning                    7
Miscellaneous
 Q - a lamp of fire
Comestibles
 m - 3 meat rations
 o - 2 fruits
 N - 10 bread rations


   Skills:
 - Level 9.0 Fighting
 - Level 5.0 Dodging
 - Level 1.7 Stealth
 - Level 4.0 Spellcasting
 + Level 10.3 Conjurations
 + Level 12.7 Fire Magic


You had 2 spell levels left.
You knew the following spells:

 Your Spells              Type           Power        Failure   Level  Hunger
a - Flame Tongue          Conj/Fire      #####        1%          1    None
b - Conjure Flame         Conj/Fire      ######..     1%          3    ###....
c - Sticky Flame          Conj/Fire      ######..     2%          4    ####...
d - Fireball              Conj/Fire      ######....   5%          5    ######.
e - Dazzling Spray        Conj/Hex       ####..       8%          3    ###....


Dungeon Overview and Level Annotations

Branches:
Dungeon (11/15)            Temple (1/1) D:7            Lair (0/6) D:10
    Orc: D:9-12

Altars:
Ashenzari
Cheibriados
Dithmenos
Elyvilon
Fedhas
Gozag
Hepliaklqana
Kikubaaqudgha
Makhleb
Nemelex Xobeh
Okawaru
Qazlal
Ru
Sif Muna
Trog
Uskayaw
Vehumet
Xom
Yredelemnul
Zin
The Shining One

Shops:
D:4 [   D:6 :   D:9 ?

Annotations:
D:11 Snorg


Innate Abilities, Weirdness & Mutations

You can breathe blasts of fire.
Your fiery red scales are hard. (AC +7)
You cannot fit into any form of body armour.
Your flesh is heat resistant. (rF+)
You are cold-blooded and may be slowed by cold attacks.
You have large cloven feet.
Your spells are a little harder to cast, but a little more powerful.


Message History

Snorg burns!
Snorg bites you! Snorg closely misses you. Snorg misses you. Snorg bites you.
Snorg claws you! x2
The scorpion stings you but does no damage.
Snorg burns!
You see here 19 gold pieces.
Snorg burns!
Snorg closely misses you. Snorg claws you! Snorg claws you but does no damage.
As you read the scroll of teleportation, it crumbles to dust.
You feel strangely unstable.
Snorg burns!
Snorg bites you.
* * * LOW HITPOINT WARNING * * *
Snorg completely misses you. Snorg claws you!
* * * LOW HITPOINT WARNING * * *
You feel much better.
Snorg burns!
Snorg bites you! Snorg claws you!
* * * LOW HITPOINT WARNING * * *
Snorg closely misses you.
The scorpion splashes around in the water.
Snorg bites you!
* * * LOW HITPOINT WARNING * * *
Snorg closely misses you. Snorg claws you.
You die...

≈≈≈.... ≈≈≈≈...........
≈≈≈.... #≈≈≈≈..........
≈≈≈≈..# #≈≈≈........
≈≈≈≈..# #≈≈≈...... ≈≈≈≈..#
##≈≈≈..†.# ≈≈≈≈...+#
##≈≈≈≈....#
≈≈≈≈....###.≈≈≈≈....#
≈≈≈≈........≈≈≈sT$..#+##.
≈≈≈≈........≈≈≈≈@........
≈≈≈≈........≈≈≈≈.........
≈≈≈≈≈.......≈≈≈≈..........
..........((.....)........
........[..(..............
≈≈≈≈≈≈......≈≈≈≈..........
.≈≈≈≈≈..)..≈≈≈≈≈....##+#.
.≈≈≈≈≈≈....≈≈≈≈≈≈...#
..≈≈≈≈≈≈...≈≈≈≈≈≈...#


You could see Snorg (berserk) and a scorpion.

Vanquished Creatures
  2 two-headed ogres
  Pikel (D:7)
  An ugly thing (D:10)
  A manticore (D:9)
  Joseph (D:8)
  A gargoyle (D:11)
  Grinder (D:3)
  A hippogriff (D:8)
  A meliai zombie (D:11)
  A spriggan (D:7)
  2 water elementals (D:11)
  A hog (D:10)
  3 yaks
  A porcupine (D:10)
  8 orc warriors
  3 sky beasts
  3 phantoms
  An ice beast (D:11)
  3 black bears
  A necrophage (D:9)
  2 ogres
  3 centaurs
  A crocodile (D:10)
  2 big kobolds
  2 elf zombies (Ossuary)
  Blork the orc (D:6)
  13 bullfrogs
  A wyvern skeleton (D:9)
  A scorpion (D:8)
  8 killer bees
  7 electric eels (D:11)
  A howler monkey (D:9)
  3 crimson imps
  A centaur zombie (D:9)
  A quasit (D:8)
  Crazy Yiuf (D:7)
  A jelly (D:9)
  A bullfrog skeleton (D:11)
  5 hounds
  3 orc priests
  10 orc wizards
  An iguana (D:8)
  6 worker ants
  A big kobold zombie (Ossuary)
  6 hound zombies
  3 mummies (Ossuary)
  2 worker ant zombies (D:6)
  4 gnolls (D:6)
  9 adders
  5 shadow imps
  3 oozes
  An adder zombie (Ossuary)
  4 worms
  3 dart slugs
  8 leopard geckos
  33 orcs
  A ball python (D:3)
  4 giant cockroaches
  12 goblins
  9 hobgoblins
  13 jackals
  2 quokkas
  6 bats
  A frilled lizard (D:1)
  A giant cockroach zombie (D:6)
  6 goblin zombies (Ossuary)
  4 hobgoblin zombies (Ossuary)
  A jackal zombie (Ossuary)
  16 kobolds
  4 kobold zombies (Ossuary)
  3 orc zombies (Ossuary)
  A quokka skeleton (D:8)
  5 quokka zombies
  5 rats
  6 rat zombies (Ossuary)
  A spectral orc (D:7)
  2 fungi (D:10)
297 creatures vanquished.

Vanquished Creatures (others)
  A crimson imp (D:7)
  An orc wizard (D:8)
  2 fungi (D:10)
  A plant (D:11)
5 creatures vanquished.

Grand Total: 302 creatures vanquished

Notes
Turn   | Place    | Note
-------+----------+-------------------------------------------
     0 | D:1      | skittles the Draconian Fire Elementalist began the quest for the Orb.
     0 | D:1      | Reached XP level 1. HP: 14/14 MP: 3/3
   179 | D:1      | Reached XP level 2. HP: 18/22 MP: 5/5
   783 | D:1      | Reached XP level 3. HP: 25/27 MP: 6/6
  1031 | D:2      | Reached skill level 1 in Fighting
  1288 | D:2      | Reached XP level 4. HP: 35/35 MP: 7/7
  1296 | D:2      | Learned a level 3 spell: Conjure Flame
  1727 | D:3      | Reached XP level 5. HP: 13/41 MP: 8/8
  1955 | D:3      | Found a deep blue altar of Sif Muna.
  2002 | D:3      | Noticed Grinder
  2012 | D:3      | Learned a level 4 spell: Sticky Flame
  2019 | D:3      | Killed Grinder
  2019 | D:3      | Reached skill level 4 in Fire Magic
  2019 | D:3      | Reached XP level 6. HP: 12/50 MP: 9/9
  2921 | D:4      | Found Xusixkamp's Antique Armour Shoppe.
  3365 | D:5      | Entered Level 5 of the Dungeon
  3404 | D:5      | Got a pair of spiked boots
  3410 | D:5      | Identified the +1 pair of boots of the Forsaken Emperors {MR+ Dex-2 SInv} (You found it on level 5 of the Dungeon)
  3428 | D:5      | Got a warped hand axe
  3429 | D:5      | Identified the +3 hand axe of Defiance {speed, rPois rF+ rN++ Str-3 SInv} (You found it on level 5 of the Dungeon)
  3591 | D:5      | Your scales start taking on a fiery red colour.
  3591 | D:5      | Reached skill level 5 in Fire Magic
  3591 | D:5      | Reached XP level 7. HP: 49/57 MP: 10/10
  3591 | D:5      | Gained mutation: Your flesh is heat resistant. (rF+) [Red Draconian growth]
  3792 | D:5      | Found a white marble altar of Elyvilon.
  4045 | D:6      | Found Saulaoti's Book Shoppe.
  4047 | D:6      | Found a sand-covered staircase.
  4047 | D:6      | Noticed Blork the orc
  4054 | D:6      | Killed Blork the orc
  4067 | D:6      | Reached skill level 6 in Fire Magic
  4081 | Ossuary  | Entered an ossuary
  4681 | D:6      | Found an iron altar of Okawaru.
  4681 | D:6      | Found a faded altar of an unknown god.
  4686 | D:6      | Found a hide-covered altar of Uskayaw.
  4688 | D:6      | Found a shattered altar of Ashenzari.
  4690 | D:6      | Found a shadowy altar of Dithmenos.
  4740 | D:6      | Reached XP level 8. HP: 67/67 MP: 12/12
  5246 | D:6      | Gained mutation: You have large cloven feet. [potion of mutation]
  5246 | D:6      | Gained mutation: Your spells are a little harder to cast, but a little more powerful. [potion of mutation]
  5382 | D:7      | Reached skill level 5 in Fighting
  5475 | D:7      | Reached skill level 7 in Fire Magic
  5475 | D:7      | Reached skill level 5 in Conjurations
  5593 | D:7      | Found a staircase to the Ecumenical Temple.
  5605 | Temple   | Entered the Ecumenical Temple
  5682 | Temple   | Became a worshipper of Vehumet
  5713 | D:7      | Found a basalt altar of Yredelemnul.
  5809 | D:7      | Reached skill level 5 in Dodging
  6192 | D:7      | Noticed Pikel
  6203 | D:7      | Killed Pikel
  6203 | D:7      | Reached skill level 8 in Fire Magic
  6203 | D:7      | Reached XP level 9. HP: 31/75 MP: 12/15
  6370 | D:7      | Found a bloodstained altar of Trog.
  6398 | D:7      | Found a runed door.
  6402 | D:7      | Noticed Crazy Yiuf
  6405 | D:7      | Killed Crazy Yiuf
  6707 | D:8      | Noticed a two-headed ogre
  6724 | D:8      | Killed a two-headed ogre
  6724 | D:8      | Reached skill level 9 in Fire Magic
  7176 | D:8      | Reached * piety under Vehumet
  7176 | D:8      | Offered knowledge of Magic Dart by Vehumet.
  7183 | D:8      | Learned a level 5 spell: Fireball
  7187 | D:8      | Learned a level 3 spell: Dazzling Spray
  7323 | D:8      | Found a snail-covered altar of Cheibriados.
  7329 | D:8      | Found a blossoming altar of Fedhas.
  7441 | D:8      | Noticed Joseph
  7452 | D:8      | Killed Joseph
  7969 | D:8      | Reached XP level 10. HP: 88/88 MP: 16/16
  8022 | D:9      | Reached skill level 10 in Fire Magic
  8093 | D:9      | Noticed a two-headed ogre
  8182 | D:9      | Found a flagged portal.
  8506 | D:9      | Found a blossoming altar of Fedhas.
  8695 | D:9      | Killed a two-headed ogre
  9180 | D:9      | Found a stormy altar of Qazlal.
  9366 | D:9      | Noticed a manticore
  9376 | D:9      | Killed a manticore
  9413 | D:9      | Offered knowledge of Sting by Vehumet.
  9413 | D:9      | Reached skill level 11 in Fire Magic
  9482 | D:9      | Found Japnukha's Magic Scroll Boutique.
  9568 | D:10     | Entered Level 10 of the Dungeon
  9975 | D:10     | Found a staircase to the Lair.
 10233 | D:10     | Noticed a red ugly thing
 10398 | D:10     | Reached ** piety under Vehumet
 10610 | D:10     | Killed a red ugly thing
 10974 | D:10     | Reached XP level 11. HP: 77/97 MP: 17/17
 11328 | D:11     | Reached skill level 12 in Fire Magic
 11857 | D:11     | Reached skill level 10 in Conjurations
 12373 | D:11     | Offered knowledge of Mephitic Cloud by Vehumet.
 12457 | D:11     | Noticed Snorg
 12472 | D:11     | HP: 3/97 [Snorg (12)]
 12472 | D:11     | Slain by Snorg

Skill      XL: |  1  2  3  4  5  6  7  8  9 10 11 |
---------------+----------------------------------+-----
Dodging        | 2 3 4 5 |  5.0
Fighting       | 1 2 3 4 6 7 9 |  9.0
Conjurations   | 2 3 4 6 7 9 10 | 10.3
Fire Magic     | 4 5 6 8 9 11 12 | 12.7
Spellcasting   | 3 4 |  4.0
Stealth        | |  1.7

Action                   |  1- 3 |  4- 6 |  7- 9 | 10-12 || total
-------------------------+-------+-------+-------+-------++-------
Melee: Unarmed           |    14 |       |       |     3 ||    17
       Mace              |    12 |       |       |       ||    12
       Tailslap          |     7 |     6 |    25 |    28 ||    66
       Spear             |    35 |       |       |       ||    35
       Flail             |    41 |    26 |       |       ||    67
       Dagger            |       |    62 |       |       ||    62
       Hand axe          |       |    29 |   378 |   301 ||   708
       Staff             |       |       |     4 |     1 ||     5
       Trident           |       |       |       |    11 ||    11
 Cast: Flame Tongue      |    20 |    38 |    38 |    53 ||   149
       Sticky Flame      |       |       |    30 |    46 ||    76
       Conjure Flame     |       |       |     2 |     3 ||     5
       Dazzling Spray    |       |       |     1 |     7 ||     8
       Fireball          |       |       |       |     1 ||     1
 Abil: Breathe Fire      |       |       |       |     1 ||     1
  Use: Scroll            |       |       |    13 |     7 ||    20
       Potion            |       |       |     1 |     3 ||     4
 Stab: Sleeping          |     7 |     5 |     1 |     2 ||    15
       Invisible         |       |       |       |     1 ||     1
  Eat: Chunk             |     2 |     7 |    17 |    19 ||    45
       Royal jelly       |       |       |     1 |     1 ||     2
       Fruit             |       |       |       |     3 ||     3
Armor: Skin              |    32 |    31 |   152 |   129 ||   344
Dodge: Dodged            |    61 |    85 |   247 |   281 ||   674
